 Dungeon Crawl Stone Soup version 0.17-a0-2027-gcac42c4 (webtiles) character file.

1659 Ijustatesigmund the Covert (level 9, -7/57 HPs)
             Began as an Octopode Assassin on Oct 10, 2015.
             Mangled by an orc warrior
             ... wielding a +0 flail
              (16 damage)
             ... on level 6 of the Dungeon.
             The game lasted 00:23:51 (5907 turns).

Ijustatesigmund the Covert (Octopode Assassin)      Turns: 5907, Time: 00:23:52

Health: -7/57      AC:  6    Str: 11    XL:     9   Next: 0%
Magic:  9/9        EV: 22    Int: 16    God:
Gold:   259        SH:  0    Dex: 18    Spells: 1 memorised, 5 levels left

rFire  . . .     SeeInvis .     m - +2 dagger (protect)
rCold  . . .     Clarity  .     (no shield)
rNeg   + . .     SustAt   .     (helmet restricted)
rPois  .         Gourm    .     f - amulet of warding
rElec  .         Spirit   .     o - +1 ring of evasion
rCorr  .         Warding  +     (no ring)
rMut   .         Stasis   .     (no ring)
MR     .....                    (no ring)
Stlth  +++++++...               (no ring)
                                (no ring)
                                (no ring)
                                (no ring)

@: agile, not resistant to hostile enchantments, extremely stealthy
A: almost no armour, amphibious, 8 rings, constrict 8, beak, camouflage 1,
gelatinous body 1
a: no special abilities


You were on level 6 of the Dungeon.
You were not hungry.

You visited 1 branch of the dungeon, and saw 6 of its levels.

You collected 259 gold pieces.

Inventory:

Hand Weapons
 b - a +0 blowgun
 d - a +0 hunting sling
 h - a +2 short sword of speed
 m - a +2 dagger of protection (weapon)
Missiles
 c - 8 poisoned needles
 j - 51 sling bullets
 t - 6 curare-tipped needles
Jewellery
 f - an amulet of warding (around mantle)
 o - a +1 ring of evasion (left tentacle)
Wands
 a - a wand of draining (7)
 u - a wand of slowing (25)
Scrolls
 r - a scroll of identify
Potions
 k - 2 potions of lignification {unknown}
 l - a potion of magic
 n - a potion of agility
 q - a potion of flight
 s - a potion of invisibility {unknown}
 x - a potion of brilliance {unknown}
 z - a potion of berserk rage {unknown}
Books
 v - a book of Hinderance

   Spells                             Type                      Level
   a - Confusing Touch                Hexes                        2
   b - Confuse                        Hexes                        3
   c - Gell's Gravitas                Hexes/Translocation          3
   d - Petrify                        Transmutation/Earth          4
   e - Metabolic Englaciation         Hexes/Ice                    5
 w - a book of Debilitation

   Spells                             Type                      Level
   a - Corona                         Hexes                        1
   b - Slow                           Hexes                        2
   c - Gell's Gravitas                Hexes/Translocation          3
   d - Inner Flame                    Hexes/Fire                   3
   e - Cause Fear                     Hexes                        4
   f - Leda's Liquefaction            Hexes/Earth                  4
Comestibles
 e - 6 bread rations
 g - a meat ration
 A - 2 chunks of flesh


   Skills:
 - Level 3.2 Fighting
 - Level 5.6 Short Blades
 - Level 4.0 Throwing
 - Level 5.2 Dodging
 + Level 9.6 Stealth
 + Level 2.4 Hexes
 + Level 2.4 Fire Magic


You had 5 spell levels left.
You knew the following spells:

 Your Spells              Type           Power        Failure   Level  Hunger
a - Inner Flame           Hex/Fire       #.......     34%         3    ####...


Dungeon Overview and Level Annotations

Branches:
Dungeon (6/15)
 Temple: D:4-7

Altars:
Dithmenos
Fedhas
Gozag
Nemelex Xobeh
Ru
Sif Muna
Trog

Annotations:
D:5 Dowan


Innate Abilities, Weirdness & Mutations

You cannot wear most types of armour.
You are amphibious.
You can wear up to eight rings at the same time.
You can use your tentacles to constrict eight enemies at once.
Your skin changes colour to match your surroundings (Stealth).
Your rubbery body absorbs attacks (AC +1).
You have a beak for a mouth.


Message History

The orc is moderately wounded.
You constrict the orc warrior, but do no damage.
You constrict the orc. The orc wizard barely misses you.
The orc completely misses you. x2
The orc misses you. The orc warrior hits you with a flail!
* * * LOW HITPOINT WARNING * * *
Drink which item? (? for menu, Esc to quit)
You feel better.
You constrict the orc warrior. You constrict the orc.
The orc wizard gestures at you while chanting.
The puff of frost hits you!
* * * LOW HITPOINT WARNING * * *
The orc hits you with a short sword.
* * * LOW HITPOINT WARNING * * *
The orc misses you.
You hit the orc wizard. You grab the orc wizard.
The orc wizard is lightly wounded.
You constrict the orc warrior. You constrict the orc.
You constrict the orc wizard, but do no damage.
The orc warrior hits you with a flail!
You die...

#######
#.o.o.#
#..@).#
#..oo.#
+.o...#
#.....#
#.....#
#######


You could see an orc warrior, an orc wizard and 3 orcs.

Vanquished Creatures
  Grinder (D:3)
  Edmund (D:4)
  A sky beast (D:5)
  Purgy (D:4)
  An ogre (D:5)
  2 phantoms
  A centaur (D:5)
  A scorpion (D:4)
  A crimson imp (D:5)
  3 orc wizards
  A centaur skeleton (D:5)
  A jelly (D:5)
  An orc priest (D:4)
  5 hounds
  A giant frog skeleton (D:4)
  Natasha (thrice) (D:4)
  3 worker ants
  Robin (D:3)
  7 gnolls
  2 shadow imps (D:5)
  5 adders
  2 oozes
  An adder skeleton (D:4)
  2 worms
  13 orcs
  2 ball pythons
  7 giant cockroaches
  8 hobgoblins
  14 jackals
  9 kobolds
  4 quokkas
  11 bats
  3 giant geckos
  4 giant newts
  13 goblins
  A quokka skeleton (D:4)
  9 rats
146 creatures vanquished.

Notes
Turn   | Place    | Note
--------------------------------------------------------------
     0 | D:1      | Ijustatesigmund the Octopode Assassin began the quest for the Orb.
     0 | D:1      | Reached XP level 1. HP: 14/14 MP: 1/1
    86 | D:1      | Reached skill level 6 in Stealth
    86 | D:1      | Reached XP level 2. HP: 13/19 MP: 2/2
   595 | D:1      | Gained mutation: You have a beak for a mouth. [potion of beneficial mutation]
   648 | D:1      | Reached XP level 3. HP: 24/24 MP: 3/3
  1031 | D:2      | Found a deep blue altar of Sif Muna.
  1032 | D:2      | Found a bloodstained altar of Trog.
  1125 | D:2      | Found a shadowy altar of Dithmenos.
  1135 | D:2      | Reached skill level 7 in Stealth
  1418 | D:2      | Reached XP level 4. HP: 29/29 MP: 4/4
  1839 | D:2      | Reached skill level 8 in Stealth
  2071 | D:3      | Noticed Grinder
  2072 | D:3      | Paralysed by Grinder for 4 turns
  2081 | D:3      | Paralysed by Grinder for 5 turns
  2089 | D:3      | Paralysed by Grinder for 2 turns
  2091 | D:3      | Killed Grinder
  2091 | D:3      | Reached XP level 5. HP: 32/34 MP: 5/5
  2091 | D:3      | Reached XP level 6. HP: 36/39 MP: 6/6
  2760 | D:3      | Found a sacrificial altar of Ru.
  2833 | D:3      | Found an opulent altar of Gozag.
  3168 | D:3      | Noticed Robin
  3203 | D:3      | Killed Robin
  3203 | D:3      | Reached XP level 7. HP: 41/45 MP: 7/7
  3342 | D:4      | Noticed Natasha
  3342 | D:4      | Noticed Edmund
  3345 | D:4      | Killed Natasha
  3477 | D:4      | Killed Edmund
  3751 | D:4      | Noticed Purgy
  3784 | D:4      | Killed Purgy
  4105 | D:4      | Reached skill level 5 in Short Blades
  4196 | D:3      | Reached XP level 8. HP: 44/51 MP: 8/8
  4407 | D:4      | Noticed Natasha
  4413 | D:4      | Killed Natasha
  4784 | D:4      | Noticed Natasha
  4785 | D:4      | Killed Natasha
  4854 | D:4      | Reached skill level 5 in Dodging
  4934 | D:5      | Entered Level 5 of the Dungeon
  5024 | D:5      | Learned a level 3 spell: Inner Flame
  5031 | D:5      | Found a sparkling altar of Nemelex Xobeh.
  5171 | D:5      | HP: 1/52 [sky beast (5)]
  5173 | D:5      | Reached skill level 9 in Stealth
  5173 | D:5      | Reached skill level 1 in Hexes
  5173 | D:5      | Reached skill level 1 in Fire Magic
  5687 | D:5      | Found a blossoming altar of Fedhas.
  5885 | D:5      | Noticed Dowan
  5888 | D:5      | Reached XP level 9. HP: 35/57 MP: 9/9
  5907 | D:6      | Mangled by an orc warrior

Vault maps used:
D:1:      dpeg_arrival_court, supply_closet_lemuel
D:2:      grunt_dithmenos_smoke_and_mirrors, minitemple
D:3:      overflow_temple_1_default,
          nicolae_gozag_cash_rules_everything_around_me, first_bread,
          hangedman_decor_clover_reticule, uniq_robin, uniq_grinder
D:4:      uniq_natasha, uniq_edmund, uniq_purgy
D:5:      nemelex_altar_shiori, fedhas_bush_and_centaur_altar,
          nicolae_overflow_hidden_temple, temple_hall,
          kennysheep_generic_room_14, uniq_duvessa
D:6:      nicolae_tso_carved_into_rock

Action                   |  1- 3 |  4- 6 |  7- 9 || total
-------------------------+-------+-------+-------++-------
Melee: Dagger            |    57 |   116 |   214 ||   387
       Short sword       |    21 |       |       ||    21
 Fire: Blowgun           |       |       |    26 ||    26
       Hunting sling     |       |       |    14 ||    14
Throw: Javelin           |       |    12 |    27 ||    39
  Use: Scroll            |     6 |     3 |     3 ||    12
       Potion            |     1 |     1 |     3 ||     5
 Stab: Sleeping          |    18 |     8 |     9 ||    35
  Eat: Chunk             |     1 |     4 |     7 ||    12
       Royal jelly       |       |     1 |       ||     1
       Bread ration      |       |       |     1 ||     1
